 Dungeon Crawl Stone Soup version 0.28-a0-1406-ga8dd43b1d0 (webtiles) character file.

Game seed: 12840892085263110641

1397 Lekart the Skirmisher (level 8, -4/70 HPs)
             Began as a Purple Draconian Fighter on Jan 6, 2022.
             Was a Believer of Ashenzari.
             Slain by Harold (18 damage)
             ... on level 7 of the Dungeon.
             The game lasted 00:13:21 (6434 turns).

Lekart the Skirmisher (Purple Draconian Fighter)    Turns: 6434, Time: 00:13:21

Health: -4/70      AC:  7    Str: 20    XL:     8   Next: 41%
Magic:  8/8        EV: 12    Int:  8    God:    Ashenzari [**....]
Gold:   292        SH:  4    Dex: 12    Spells: 5/7 levels left

rFire   . . .      SeeInvis +   l - +0 spear of the Mantic Stars {flame, Comp, Melee} (curse)
rCold   + . .      Faith    .   b - +0 buckler "Circumscribed Together" {Elem, Alch} (curse)
rNeg    . . .      Spirit   .   (armour unavailable)
rPois   .          Reflect  .   (helmet restricted)
rElec   .          Harm     .   (no cloak)
rCorr   .          Rampage  .   (no gloves)
Will    +....                   v - +0 pair of boots
Stlth   +.........              (no amulet)
HPRegen 0.21/turn               s - ring "Dogma of the Sphere" {AC+4, Self, Range} (curse)
MPRegen 0.11/turn               m - ring of protection from cold

@: marked, corroded
A: breathe power, AC +6, unfitting armour, cold-blooded, frail 1, mutation
resistance 1
a: Breathe Dispelling Energy, Renounce Religion, Shatter the Chains


You were on level 7 of the Dungeon.
You worshipped Ashenzari.
Ashenzari was pleased with you.
You visited 1 branch of the dungeon, and saw 7 of its levels.

You collected 292 gold pieces.

Inventory:

Hand Weapons
 a - a +0 long sword
 l - the cursed +0 spear of the Mantic Stars (weapon) {flame, Comp, Melee}
   (You found it on level 3 of the Dungeon)

   It burns those it strikes, dealing additional fire damage.
   It has a curse which improves the following skills: Companions: Summonings
   and Necromancy.
   Melee Combat: Short Blades, Long Blades, Axes, Maces & Flails, Polearms,
   Staves and Unarmed Combat.
Missiles
 e - 39 poisoned darts (quivered)
Armour
 b - the cursed +0 buckler "Circumscribed Together" (worn) {Elem, Alch}

   It has a curse which improves the following skills: Elements: Fire Magic, Ice
   Magic, Air Magic and Earth Magic.
   Alchemy:   Poison Magic and Transmutations.
 v - a +0 pair of boots (worn)
Jewellery
 f - a ring of protection from fire
 m - a ring of protection from cold (right hand)
 s - the cursed ring "Dogma of the Sphere" (left hand) {AC+4, Self, Range}
   (You found it on level 5 of the Dungeon)

   [ring of protection]

   AC:        It affects your AC (+4).
   It has a curse which improves the following skills: Introspection: Fighting
   and Spellcasting.
   Ranged Combat: Slings, Bows, Crossbows and Throwing.
Wands
 n - a wand of iceblast (5)
 w - a wand of paralysis (1)
Scrolls
 d - a scroll of fog
 i - 8 scrolls of identify
 k - a scroll of teleportation
 p - a scroll of enchant armour
 u - a scroll of fear
Potions
 c - 2 potions of might
 g - a potion of attraction
 h - a potion of lignification
 j - a potion of heal wounds
 o - a potion of degeneration
 q - a potion of curing
 r - a potion of brilliance
 t - a potion of magic


   Skills:
 * Level 7.9(9.2) Fighting
 + Level 3.0(4.1) Long Blades
 + Level 6.5(7.7) Polearms
 + Level 3.2(4.3) Throwing
 - Level 2.6 Dodging
 - Level 3.0 Shields


You had 5 spell levels left.
You knew the following spells:

 Your Spells              Type           Power      Damage    Failure   Level
a - Wereblood             Tmut           0%         N/A       63%         2

Your spell library contained the following spells:

 Spells                   Type           Power      Damage    Failure   Level
 Beastly Appendage        Tmut           0%         N/A       47%         1
 Ozocubu's Armour         Ice            0%         N/A       85%         3
 Spider Form              Tmut/Pois      0%         N/A       85%         3
 Metabolic Englaciation   Hex/Ice        0%         N/A       100%        5
 Simulacrum               Ice/Necr       0%         N/A       100%        6


Dungeon Overview and Level Annotations

Branches:
Dungeon (7/15)
 Temple: D:4-7

Altars:
Ashenzari
Nemelex Xobeh
Okawaru
Sif Muna

Shops:
D:3 *   D:6 :

Annotations:
D:4 Duvessa
D:5 3 runed translucent doors, anet's ghost, novice GrCj
D:7 Harold


Innate Abilities, Weirdness & Mutations

You can breathe bolts of dispelling energy.
Your rich purple scales are hard. (AC +6)
You cannot fit into any form of body armour.
You are cold-blooded and may be slowed by cold attacks.
You are frail. (-10% HP)
You are somewhat resistant to further mutation.


Message History

Harold is moderately wounded.
The helpless Harold fails to defend himself.
You hit Harold but do no damage. You tail-slap Harold.
Harold is moderately wounded.
The helpless Harold fails to defend himself.
You hit Harold. You burn Harold.
Harold is heavily wounded.
The helpless Harold fails to defend himself.
You puncture Harold! You burn Harold.
Harold is heavily wounded.
You are no longer corroded.
Harold is no longer paralysed.
You hit Harold. You burn Harold.
Harold is severely wounded.
Harold points at you and mumbles some strange words.
A sentinel's mark forms upon you.
You hit Harold but do no damage. You tail-slap Harold.
Harold is severely wounded.
Harold zaps a wand.
The bolt of acid hits you. The acid corrodes you!
You barely miss Harold. You tail-slap Harold, but do no damage.
Harold is severely wounded.
Harold hits you but does no damage.
You hit Harold. You burn Harold. You tail-slap Harold.
Harold is severely wounded.
You barely miss Harold.
Harold is severely wounded.
Harold hits you with a +4 hand axe of electrocution.
You hit Harold. You burn Harold.
Your tail-slap misses Harold.
Harold is almost dead.
Harold hits you with a +4 hand axe of electrocution.
You hit Harold but do no damage.
Harold is almost dead.
Harold gestures at you while chanting. The mark upon you grows brighter.
You hit Harold. You burn Harold.
Harold is almost dead.
Harold hits you with a +4 hand axe of electrocution!
* * * LOW HITPOINT WARNING * * *
You are electrocuted!!
You die...

, ,, , ,, *.###* ,
, ##...# , ,,,*
##......., , *
#........# **
#........## * ,,
##.........# ,, , ,
###...........
*#.@@...........
......#............
....# #............
.## ##........... *
* , , ##...<......
* , ##......... * ,
, #........# * , ,
, * , * #........#
, *, ##..##.###


You could see Harold.

Vanquished Creatures
  A shadow (D:6)
  Eustachio (D:3)
  3 sky beasts (D:6)
  A necrophage (D:6)
  A phantom (D:6)
  A scorpion (D:6)
  A water moccasin skeleton (D:5)
  An orc priest (D:6)
  2 hounds (D:5)
  Ijyb (D:4)
  A bullfrog skeleton (D:5)
  A centaur skeleton (D:5)
  Jessica (D:2)
  6 orc wizards (D:6)
  Terence (D:2)
  An iguana (D:5)
  Robin (D:3)
  3 gnolls
  4 adders
  A shadow imp (D:6)
  A worm (D:2)
  2 dart slugs (D:1)
  5 orcs (D:6)
  7 ball pythons
  4 endoplasms
  2 giant cockroaches (D:2)
  11 goblins
  9 hobgoblins
  3 jackals (D:3)
  3 quokkas
  4 bats
  2 frilled lizards (D:1)
  9 kobolds
  2 rats
97 creatures vanquished.

Vanquished Creatures (others)
  An orc wizard (D:6)
1 creature vanquished.

Grand Total: 98 creatures vanquished

Notes
Turn   | Place    | Note
-------+----------+-------------------------------------------
     0 | D:1      | Lekart the Draconian Fighter began the quest for the Orb.
     0 | D:1      | Reached XP level 1. HP: 19/19 MP: 1/1
   110 | D:1      | Found a faded altar of an unknown god.
   171 | D:1      | Reached XP level 2. HP: 25/27 MP: 2/2
   420 | D:1      | Reached skill level 4 in Fighting
  1200 | D:2      | You fall into a shaft and drop 1 floor!
  1231 | D:3      | Reached XP level 3. HP: 9/33 MP: 3/3
  1466 | D:3      | Found Ijasof's Assorted Antiques.
  1537 | D:3      | Reached skill level 1 in Throwing
  1790 | D:3      | Noticed Robin
  2059 | D:2      | Found a broken altar of Ashenzari.
  2075 | D:2      | Reached XP level 4. HP: 33/41 MP: 4/4
  2218 | D:2      | Noticed Jessica
  2256 | D:2      | Killed Jessica
  2545 | D:2      | Became a worshipper of Ashenzari the Shackled
  2607 | D:2      | Noticed Terence
  2617 | D:2      | Killed Terence
  2618 | D:2      | Reached skill level 1 in Polearms
  2618 | D:2      | Reached XP level 5. HP: 41/47 MP: 5/5
  3391 | D:3      | Killed Robin
  3595 | D:3      | Found a shimmering blue altar of Sif Muna.
  3635 | D:4      | Noticed Ijyb
  3638 | D:4      | Paralysed by Ijyb for 4 turns
  3643 | D:4      | Paralysed by Ijyb for 4 turns
  3651 | D:4      | Paralysed by Ijyb for 3 turns
  3779 | D:4      | Paralysed by Ijyb for 6 turns
  3800 | D:4      | Killed Ijyb
  3892 | D:4      | Noticed Eustachio
  4002 | D:3      | Killed Eustachio
  4003 | D:3      | Reached skill level 5 in Fighting
  4003 | D:3      | Reached XP level 6. HP: 22/56 MP: 6/6
  4244 | D:4      | Noticed Duvessa
  4275 | D:5      | Entered Level 5 of the Dungeon
  4373 | D:5      | Found a sparkling altar of Nemelex Xobeh.
  4381 | D:5      | Found a runed translucent gate.
  4382 | D:5      | Found a runed translucent gate.
  4383 | D:5      | Found a runed translucent gate.
  4451 | D:5      | Noticed a two-headed ogre
  4467 | D:5      | Noticed anet's ghost (novice GrCj)
  4558 | D:5      | Reached * piety under Ashenzari
  4748 | D:5      | Your scales start taking on a rich purple colour.
  4748 | D:5      | Reached XP level 7. HP: 61/62 MP: 7/7
  4803 | D:5      | Reached skill level 6 in Fighting
  4970 | D:5      | Found a broken altar of Ashenzari.
  5170 | D:6      | Noticed a shadow
  5194 | D:6      | Killed a shadow
  5416 | D:5      | Gained mutation: You are dopey. (Int -2) [potion of
                  | mutation]
  5416 | D:5      | Gained mutation: You passively map a small area around you.
                  | [potion of mutation]
  5417 | D:5      | Lost mutation: You passively map a small area around you.
                  | [potion of mutation]
  5417 | D:5      | Lost mutation: You are dopey. (Int -2) [potion of mutation]
  5417 | D:5      | Gained mutation: You expend magic power (3 MP) to
                  | strengthen your wands. [potion of mutation]
  5418 | D:5      | Lost mutation: You expend magic power (3 MP) to strengthen
                  | your wands. [potion of mutation]
  5418 | D:5      | Gained mutation: You are frail. (-10% HP) [potion of
                  | mutation]
  5418 | D:5      | Gained mutation: You are somewhat resistant to further
                  | mutation. [potion of mutation]
  5468 | D:6      | Reached skill level 7 in Fighting
  5468 | D:6      | Reached skill level 5 in Polearms
  5473 | D:6      | Reached XP level 8. HP: 57/65 MP: 8/8
  5547 | D:6      | Reached ** piety under Ashenzari
  5964 | D:6      | Learned a level 2 spell: Wereblood
  6007 | D:6      | Found an iron altar of Okawaru.
  6234 | D:6      | Found Lokuatz's Book Boutique.
  6404 | D:7      | Noticed Harold
  6434 | D:7      | Slain by Harold

Illustrated notes

Levels and vault maps discovered:
D:1:      elethiomel_arrival_infinity_welcomes_careful_drivers, layout_basic,
          serial_corexii_hall, chequers_hall_statues_y,
          chequers_hall_statues_wall_a, ebering_ecumenical_altar_sacrificial,
          st_stairs_12
D:2:      layout_basic, basic_altar, corexii_shack, minmay_curled_crystal,
          minmay_tromino_i4, uniq_jessica, uniq_terence
D:3:      layout_rooms, lemuel_coloured_pillars_altar, serial_shops,
          nicolae_lakefront_shop, uniq_robin
D:4:      layout_basic, elyvilon_altar_4, hex_large, goddamned_bats, uniq_ijyb,
          uniq_eustachio, uniq_duvessa
D:5:      layout_gridville, overflow_temple_1_default, old_standard_altar,
          gammafunk_ghost_split
D:6:      layout_cave_pools, mainiacjoe_overflow_alcove_2, serial_shops,
          kennysheep_mini_moat, minmay_misc_feat_room
D:7:      layout_cave_pods, mainiacjoe_overflow_alcove_4,
          minmay_temple_entry_offerings, grunt_ministairs_1, uniq_joseph,
          uniq_harold

Skill      XL: |  1  2  3  4  5  6  7  8 |
---------------+-------------------------+-----
Fighting       | 4 5 7 |  7.9
Throwing       | 1 2 3 |  3.2
Polearms       | 1 2 3 5 6 |  6.5
Long Blades    | 3 |  3.0
Dodging        | |  2.6
Shields        | |  3.0

Action                   |  1- 3 |  4- 6 |  7- 9 || total
-------------------------+-------+-------+-------++-------
Melee: Long sword        |    55 |       |       ||    55
       Tailslap          |     9 |    19 |    22 ||    50
       Spear             |    27 |   184 |   149 ||   360
Throw: Dart              |    76 |    12 |     1 ||    89
       Throwing net      |     1 |       |       ||     1
 Cast: Wereblood         |       |       |     1 ||     1
Invok: Curse Item        |       |     2 |     1 ||     3
 Abil: Breathe Dispellin |       |       |     4 ||     4
Evoke: Wand              |       |       |     4 ||     4
  Use: Potion            |       |     1 |     5 ||     6
       Scroll            |       |       |     1 ||     1
 Stab: Paralysed         |       |       |    14 ||    14
Armor: Skin              |    23 |    58 |    38 ||   119
Dodge: Dodged            |    46 |    91 |    37 ||   174
Block: Buckler           |    23 |    41 |    14 ||    78

Table legend: (Time is in decaauts)
 A = Elapsed time spent in this place.
 B = Non-inter-level travel time spent in this place.
 C = Inter-level travel time spent in this place.
 D = Time resting spent in this place.
 E = Time spent auto-exploring this place.
 F = Levels seen in this place.
 G = Mean time per level.
                   A        B        C        D        E       F      G
               +--------+--------+--------+--------+--------+-----+--------+
         Total |   6445 |   6279 |    166 |   1513 |   3617 |   7 |  920.7 |
       Dungeon |   6445 |   6279 |    166 |   1513 |   3617 |   7 |  920.7 |
               +--------+--------+--------+--------+--------+-----+--------+

Top non-repeatable levels by time:
     D:2: 1578 daAuts
     D:3: 1270 daAuts
     D:1: 1194 daAuts
     D:5: 1065 daAuts
     D:6: 983 daAuts
     D:4: 271 daAuts
     D:7: 81 daAuts
